 Dungeon Crawl Stone Soup version 0.28-a0-804-g60983d4ba9 (webtiles) character file.

Game seed: 10953909219923327133

662 pokeman the Thaumaturge (level 7, -8/38 HPs)
             Began as a Deep Elf Hedge Wizard on Nov 8, 2021.
             Mangled by Duvessa (13 damage)
             ... on level 4 of the Dungeon.
             The game lasted 00:09:51 (4255 turns).

pokeman the Thaumaturge (Deep Elf Hedge Wizard)     Turns: 4255, Time: 00:09:51

Health: -8/38      AC:  4    Str:  7    XL:     7   Next: 30%
Magic:  6/20       EV: 12    Int: 21    God:
Gold:   113        SH:  0    Dex: 14    Spells: 7/22 levels left

rFire   . . .      SeeInvis .   h - staff of conjuration
rCold   . . .      Faith    .   (no shield)
rNeg    . . .      Spirit   .   k - +0 leather armour
rPois   .          Reflect  .   c - +0 hat
rElec   .          Harm     .   (no cloak)
rCorr   .          Rampage  .   l - +0 pair of gloves
Will    .....                   (no boots)
Stlth   ++........              (no amulet)
HPRegen 0.12/turn               (no ring)
MPRegen 0.17/turn               (no ring)

@: no status effects
A: no striking features
a: no special abilities


You were on level 4 of the Dungeon.
You visited 1 branch of the dungeon, and saw 4 of its levels.

You collected 113 gold pieces.

Inventory:

Missiles
 a - 93 arrows
 m - a throwing net
Armour
 c - a +0 hat (worn)
 k - a +0 leather armour (worn)
 l - a +0 pair of gloves (worn)
 n - a +0 tower shield
Magical Staves
 h - a staff of conjuration (weapon)
Jewellery
 o - a ring of ice
Wands
 q - a wand of mindburst (16)
Scrolls
 b - 2 scrolls of identify {unknown}
 g - 2 scrolls of amnesia {unknown}
 p - 2 scrolls of magic mapping {unknown}
 r - a scroll of vulnerability {unknown}
Potions
 d - a potion of lignification {unknown}
 e - a potion of curing {unknown}
 f - a potion of heal wounds {unknown}
 i - a potion of mutation {unknown}
 j - a potion of berserk rage {unknown}


   Skills:
 - Level 1.0 Fighting
 - Level 1.0 Armour
 - Level 3.0 Dodging
 - Level 4.1 Stealth
 + Level 0.2 Shields
 * Level 8.0 Spellcasting
 + Level 4.0 Conjurations
 - Level 1.1 Summonings
 - Level 1.1 Translocations
 + Level 1.2 Fire Magic
 - Level 1.0 Air Magic
 - Level 1.2 Earth Magic
 - Level 1.0 Poison Magic
 - Level 1.0 Evocations


You had 7 spell levels left.
You knew the following spells:

 Your Spells              Type           Power      Damage    Failure   Level
a - Magic Dart            Conj           100%       1d8       2%          1
b - Mephitic Cloud        Conj/Pois/Air  25%        N/A       16%         3
c - Call Imp              Summ           13%        N/A       11%         2
d - Blink                 Tloc           26%        N/A       11%         2
e - Conjure Flame         Conj/Fire      29%        6-21      12%         3
f - Shock                 Conj/Air       100%       1d9       4%          1
g - Stone Arrow           Conj/Erth      58%        3d10      12%         3

Your spell library contained the following spells:

 Spells                   Type           Power      Damage    Failure   Level
 Sandblast                Erth           26%        2d8       7%          1
 Slow                     Hex            32%        N/A       12%         1
 Passwall                 Tmut/Erth      8%         N/A       14%         2
 Swiftness                Air            12%        N/A       22%         3
 Ignite Poison            Fire/Tmut/Pois 11%        N/A       26%         3
 Sticky Flame             Conj/Fire      29%        2d5       36%         4
 Airstrike                Air            6%         N/A       58%         4


Dungeon Overview and Level Annotations

Branches:
Dungeon (4/15)
 Temple: D:4-7

Altars:
The Shining One

Shops:
D:4 (

Annotations:
D:4 Duvessa


Message History

The adder skeleton is heavily damaged.
The zap hits the endoplasm.
You kill the endoplasm!
The zap hits the iguana.
The iguana is moderately wounded.
Duvessa is engulfed in blazing flames.
Duvessa rages.
Unknown command.
Casting: Shock (safe; 4% risk of failure)
Confirm with . or Enter, or press ? or * to list all spells.
Aiming: Shock (safe; 4% risk of failure)
Press: ? - help, Shift-Dir - straight line, f - Duvessa
Aim: Duvessa, wielding a +0 short sword and wearing a +0 leather armour (flame, heavily wounded, berserk, confused, 94% to hit)
You feel a surge of power!
The zap hits Duvessa.
Duvessa is heavily wounded.
The zap hits the adder skeleton.
The adder skeleton is almost destroyed.
The zap hits the iguana.
The iguana is moderately wounded.
The zap misses the bullfrog.
You feel yourself speed up.
Duvessa is engulfed in blazing flames.
Duvessa hits you with a +0 short sword!
A phantom comes into view.
Duvessa is engulfed in blazing flames.
Duvessa hits you with a +0 short sword!
* * * LOW HITPOINT WARNING * * *
Unknown command.
Casting: Shock (safe; 4% risk of failure)
Confirm with . or Enter, or press ? or * to list all spells.
Aiming: Shock (safe; 4% risk of failure)
Press: ? - help, Shift-Dir - straight line, f/p - Duvessa
Aim: Duvessa, wielding a +0 short sword and wearing a +0 leather armour (severely wounded, berserk, confused, 94% to hit)
You feel a surge of power!
The zap hits Duvessa.
Duvessa is severely wounded.
The zap hits the adder skeleton!
You destroy the adder skeleton!
The zap misses the iguana.
The zap hits the bullfrog.
The bullfrog is lightly wounded.
The zap misses the phantom.
Duvessa closely misses you. Duvessa hits you with a +0 short sword!
You die...

.##.####..# w....#..##
### #. #..#.#..... .# ..#
.. . ........#..... #.#
#...# ##### #......# #.#
#...# ######## ..#
#...######## #.#
#...#......#
#.#####...#.####.###.##.#
................@e†lF.W#
.................###.##.#
..........)......#
#.#####...#.####..>. #.#
#...#... ..### ..#
###...######.# ###
#.......# #.# #.#...#.#
#.# #.#...#.#


You could see Duvessa (berserk, confused), a phantom, a bullfrog and an iguana.

Vanquished Creatures
  Menkaure (D:4)
  A necrophage (D:4)
  A bullfrog (D:4)
  Dowan (D:4)
  A jelly (D:3)
  A centaur zombie (D:3)
  A hound (D:4)
  An orc priest (D:3)
  A bullfrog skeleton (D:4)
  Natasha (D:4)
  An iguana (D:4)
  3 gnolls (D:3)
  3 adders
  An ufetubus (D:4)
  An adder skeleton (D:4)
  A worm (D:3)
  2 dart slugs (D:3)
  2 orcs (D:3)
  6 endoplasms
  2 giant cockroaches (D:1)
  7 goblins
  3 hobgoblins
  10 jackals
  7 kobolds
  A quokka (D:1)
  8 ball pythons
  6 bats
  3 frilled lizards
  6 rats
83 creatures vanquished.

Notes
Turn   | Place    | Note
-------+----------+-------------------------------------------
     0 | D:1      | pokeman the Deep Elf Hedge Wizard began the quest for the
                  | Orb.
     0 | D:1      | Reached XP level 1. HP: 10/10 MP: 7/7
   365 | D:1      | Reached XP level 2. HP: 16/16 MP: 6/9
   450 | D:1      | Found a faded altar of an unknown god.
   870 | D:1      | Reached skill level 5 in Spellcasting
  1262 | D:1      | Reached XP level 3. HP: 20/20 MP: 9/11
  1266 | D:1      | Learned a level 3 spell: Mephitic Cloud
  1269 | D:1      | Learned a level 2 spell: Call Imp
  1272 | D:1      | Learned a level 2 spell: Blink
  1276 | D:1      | Learned a level 3 spell: Conjure Flame
  1708 | D:2      | Learned a level 1 spell: Shock
  2236 | D:3      | Reached skill level 1 in Fighting
  2236 | D:3      | Reached skill level 1 in Armour
  2303 | D:3      | Reached XP level 4. HP: 8/25 MP: 6/13
  2541 | D:3      | Reached skill level 1 in Fire Magic
  2741 | D:3      | Reached skill level 6 in Spellcasting
  2741 | D:3      | Reached XP level 5. HP: 27/29 MP: 10/15
  2870 | D:3      | Found a glowing golden altar of the Shining One.
  2956 | D:3      | Learned a level 3 spell: Stone Arrow
  3419 | D:4      | Reached skill level 1 in Air Magic
  3448 | D:4      | Found Noax's Antique Weapon Shoppe.
  3568 | D:4      | Noticed Dowan
  3573 | D:4      | Noticed Duvessa
  3584 | D:4      | Reached XP level 6. HP: 23/34 MP: 3/17
  3591 | D:4      | Killed Dowan
  3592 | D:4      | Reached skill level 7 in Spellcasting
  3592 | D:4      | Reached skill level 1 in Earth Magic
  3685 | D:4      | Noticed Menkaure
  3703 | D:4      | Killed Menkaure
  3704 | D:4      | Reached skill level 1 in Poison Magic
  3786 | D:4      | Reached XP level 7. HP: 38/38 MP: 17/20
  4033 | D:4      | Reached skill level 1 in Evocations
  4240 | D:4      | Noticed Natasha
  4246 | D:4      | Killed Natasha
  4251 | D:4      | Reached skill level 8 in Spellcasting
  4255 | D:4      | Mangled by Duvessa

Illustrated notes

Levels and vault maps discovered:
D:1:      dpeg_arrival_shelter, layout_basic,
          shapermc_ecumenical_altar_acropolis, chequers_serial_rivers_large_a
D:2:      layout_loops_ring
D:3:      layout_loops_cross, tso_oasis_becter, serial_bayou_ford_a,
          hangedman_decor_push, kennysheep_generic_room_14
D:4:      cheibrodos_quashed, layout_loops_cross, serial_shops,
          nicolae_square_shop, minmay_fountain_box, minmay_vboxes,
          uniq_menkaure, uniq_natasha, uniq_duvessa

Skill      XL: |  1  2  3  4  5  6  7 |
---------------+----------------------+-----
Spellcasting   | 5 6 7 8 |  8.0
Conjurations   | 2 3 4 |  4.0
Fighting       | 1 |  1.0
Armour         | 1 |  1.0
Fire Magic     | 1 |  1.2
Dodging        | 3 |  3.0
Air Magic      | 1 |  1.0
Stealth        | 3 4 |  4.1
Earth Magic    | 1 |  1.2
Poison Magic   | 1 |  1.0
Evocations     | 1 |  1.0
Shields        | |  0.2
Summonings     | |  1.1
Translocations | |  1.1

Action                   |  1- 3 |  4- 6 |  7- 9 || total
-------------------------+-------+-------+-------++-------
Melee: Staff             |       |     6 |     3 ||     9
 Cast: Magic Dart        |    75 |     3 |     2 ||    80
       Shock             |    20 |    56 |    32 ||   108
       Conjure Flame     |       |     4 |     1 ||     5
       Mephitic Cloud    |       |     1 |     2 ||     3
 Stab: Confused          |       |       |     2 ||     2
Armor: Robe              |     4 |     4 |       ||     8
       Leather armour    |       |     7 |     2 ||     9
Dodge: Dodged            |    14 |    20 |    10 ||    44

Table legend: (Time is in decaauts)
 A = Elapsed time spent in this place.
 B = Non-inter-level travel time spent in this place.
 C = Inter-level travel time spent in this place.
 D = Time resting spent in this place.
 E = Time spent auto-exploring this place.
 F = Levels seen in this place.
 G = Mean time per level.
                   A        B        C        D        E       F      G
               +--------+--------+--------+--------+--------+-----+--------+
         Total |   4280 |   4135 |    145 |     49 |   3576 |   4 | 1070.0 |
       Dungeon |   4280 |   4135 |    145 |     49 |   3576 |   4 | 1070.0 |
               +--------+--------+--------+--------+--------+-----+--------+

Top non-repeatable levels by time:
     D:1: 1484 daAuts
     D:3: 1283 daAuts
     D:4: 788 daAuts
     D:2: 723 daAuts
